 Dungeon Crawl Stone Soup version 0.16.0-12-g7215832 (webtiles) character file.

6814 HungrySpirit the Covert (level 11, -3/87 HPs)
             Began as a Vine Stalker Assassin on Mar 18, 2015.
             Killed from afar by a molten gargoyle (11 damage)
             ... with a bolt of magma
             ... in a volcano.
             The game lasted 00:27:34 (9026 turns).

HungrySpirit the Covert (Vine Stalker Assassin)     Turns: 9026, Time: 00:27:34

Health: -3/87      AC: 25    Str: 14    XL:     11   Next: 5%
Magic:  0/15       EV:  2    Int: 13    God:
Gold:   585        SH:  0    Dex: 19    Spells: 0 memorised, 10 levels left

rFire  . . .     SeeInvis .     a - +3 dagger
rCold  . . .     Clarity  .     p - melded +3 leather armour
rNeg   + + +     SustAb   .     (no shield)
rPois  +         Gourm    .     K - melded +0 helmet
rElec  .         Spirit   +     d - melded +1 cloak
rCorr  +         Warding  .     (gloves currently unavailable)
rMut   .         NoTele   +     (boots currently unavailable)
MR     +....                    M - amulet of resist corrosion
Stlth  +++++++...               q - ring of positive energy
                                c - ring of poison resistance

@: tree-form, somewhat resistant to hostile enchantments, extremely stealthy
A: (fangs 0), clever 1, regeneration 2, magic shield, (antimagic bite), no
device heal 3, rot immunity
a: no special abilities


You were in a volcano.
You were not hungry.
You were a tree.
You visited 2 branches of the dungeon, and saw 12 of its levels.
You also visited: Ossuary and Volcano.

You collected 585 gold pieces.

Inventory:

Hand weapons
 a - a +3 dagger (weapon)
 b - a +0 blowgun
 h - a +0 long sword
 y - a +0 dagger of venom
 B - a +0 dagger of holy wrath
Missiles
 e - 91 poisoned needles
 r - 6 needles of slowing
 t - 5 curare-tipped needles
Armour
 d - a +1 cloak (melded)
 p - a +3 leather armour (melded)
 K - a +0 helmet (melded)
Jewellery
 c - a ring of poison resistance (left branch)
 k - an uncursed amulet of stasis
 q - a ring of positive energy (right branch)
 M - an amulet of resist corrosion (around neck)
Magical devices
 f - a wand of flame (43)
 A - a wand of digging (16)
 H - a wand of lightning (4)
 J - a wand of disintegration (8)
Scrolls
 j - 5 scrolls of fog
 l - 4 scrolls of enchant weapon
 m - 5 scrolls of remove curse
 n - 3 scrolls of blinking
 x - 4 scrolls of recharging
 C - a scroll of silence
 E - 4 scrolls of immolation
Potions
 i - 4 potions of agility
 s - a potion of cure mutation
 u - 3 potions of cancellation {unknown}
 v - 4 potions of lignification
 z - 3 potions of curing
 D - 3 potions of restore abilities
 F - 4 potions of poison
 G - a potion of berserk rage
 I - a potion of magic {unknown}
 L - a potion of invisibility {unknown}
 N - a potion of haste {unknown}
Comestibles
 g - 10 bread rations
 o - 6 meat rations
 w - 4 beef jerkies


   Skills:
 + Level 6.4 Fighting
 * Level 10.1 Short Blades
 - Level 1.7 Throwing
 + Level 6.3 Dodging
 + Level 10.7 Stealth


You had 10 spell levels left.
You didn't know any spells.

Dungeon Overview and Level Annotations

Branches:
Dungeon (11/15)            Temple (0/1) D:6            Lair (1/8) D:9
    Orc: D:9-12

Altars:
Cheibriados
Dithmenos
Makhleb
Nemelex Xobeh
Okawaru
Qazlal
Ru
Sif Muna
Trog
Vehumet
Xom
Yredelemnul
Zin


Innate Abilities, Weirdness & Mutations

((You have razor-sharp teeth.))
You heal very quickly.
When hurt, damage is shared between your health and your magic reserves.
((Your bite disrupts and absorbs the magic of your enemies.))
Potions and wands cannot restore your health.
You are immune to rotting.
Your mind is acute. (Int +2)


Message History

You bite the molten gargoyle, but do no damage.
The molten gargoyle is moderately damaged.
You hit the molten gargoyle but do no damage.
Your bite misses the molten gargoyle.
The molten gargoyle is moderately damaged.
The molten gargoyle blasts magma at you!
The bolt of magma hits you!
The molten gargoyle blasts magma at you!
The bolt of magma hits you!
* * * LOW HITPOINT WARNING * * *
Drink which item? (? for menu, Esc to quit)
It was a potion of lignification.
You turn into a tree.
Your +1 cloak melds into your body.
Your +0 helmet melds into your body.
Your +3 leather armour melds into your body.
Your roots penetrate the ground.
Drink which item? (? for menu, Esc to quit)
It was a potion of poison.
You feel slightly nauseous.
The molten gargoyle blasts magma at you!
Helpless, you fail to dodge the bolt of magma.
You die...

≈ ############
+.))).'....#
#.8_8.#.)∩.#
#..)..#....# .
###'###''###§≈§§
≈≈≈.# #.#..♣...#§≈§≈
≈≈..# #.#9######§≈≈≈
≈≈§.# #.#.#$)$.# ≈
≈≈≈§# #.#9#!($.#
≈≈≈.# #.#.#[[..#
≈≈..# #.#......#
≈≈§.########+########
§
≈≈§≈.§...§........§§
§
§≈§.≈≈§§≈§≈S≈§≈.≈≈§§
§


You could see a molten gargoyle.

Vanquished Creatures
  A hill giant (D:10)
  Erolcha (D:9)
  An orc sorcerer (Volcano)
  A black mamba (Lair:1)
  Maurice (D:8)
  A centaur zombie (D:10)
  A spriggan (D:7)
  A wraith (D:10)
  A wyvern (D:8)
  A hippogriff (D:7)
  2 hungry ghosts (D:9)
  A water moccasin (D:10)
  2 ice beasts
  4 sky beasts
  5 orc warriors
  An ogre (D:9)
  Sigmund (D:3)
  Duvessa (D:5)
  3 centaurs
  A crocodile (Lair:1)
  2 big kobolds
  7 giant frogs
  3 killer bees (D:9)
  2 scorpions
  A wyvern skeleton (D:10)
  5 crimson imps
  Dowan (D:5)
  2 goliath beetles
  3 hounds
  A jelly (D:8)
  A giant frog skeleton (D:10)
  A giant frog zombie (D:8)
  2 iguanas
  3 big kobold zombies (Ossuary)
  4 worker ants
  A hound zombie (D:7)
  A hound skeleton (D:11)
  2 mummies (Ossuary)
  Robin (D:3)
  4 worker ant zombies
  12 adders
  3 gnolls (D:10)
  A river rat (D:9)
  2 shadow imps
  3 giant mites
  A worm (D:2)
  2 adder zombies
  5 giant geckos
  21 orcs
  3 ball pythons
  5 giant cockroaches
  20 goblins
  22 hobgoblins
  10 jackals
  8 quokkas
  19 bats
  2 giant gecko skeletons
  5 giant newts
  A gnoll zombie (Ossuary)
  2 goblin zombies (Ossuary)
  A hobgoblin zombie (Ossuary)
  28 kobolds
  An orc zombie (Ossuary)
  12 rats
  2 ballistomycetes (D:8)
269 creatures vanquished.

Vanquished Creatures (others)
  A giant spore (D:8)
  4 toadstools (D:1)
5 creatures vanquished.

Grand Total: 274 creatures vanquished

Notes
Turn   | Place    | Note
--------------------------------------------------------------
     0 | D:1      | HungrySpirit, the Vine Stalker Assassin, began the quest for the Orb.
     0 | D:1      | Reached XP level 1. HP: 11/11 MP: 1/1
    27 | D:1      | Reached skill level 1 in Dodging
    68 | D:1      | Reached skill level 5 in Stealth
   212 | D:1      | Reached XP level 2. HP: 8/15 MP: 0/3
   330 | D:1      | Reached XP level 3. HP: 16/18 MP: 2/4
  1017 | D:2      | Reached XP level 4. HP: 23/23 MP: 5/5
  1061 | D:2      | Found a sacrificial altar of Ru.
  1162 | D:2      | You fall through a shaft for 2 floors!
  1271 | D:3      | Noticed Sigmund
  1295 | D:3      | Killed Sigmund
  1295 | D:3      | Reached XP level 5. HP: 7/26 MP: 2/7
  1406 | D:3      | Noticed Robin
  1477 | D:3      | Killed Robin
  2126 | D:4      | Found an iron altar of Okawaru.
  2134 | D:4      | Gained mutation: You heal very quickly. [vine stalker growth]
  2134 | D:4      | Reached XP level 6. HP: 30/30 MP: 6/8
  3051 | D:5      | Entered Level 5 of the Dungeon
  3170 | D:5      | Found a burning altar of Makhleb.
  3176 | D:5      | Reached skill level 6 in Stealth
  3268 | D:5      | Noticed Duvessa
  3269 | D:5      | Noticed Dowan
  3287 | D:5      | Killed Duvessa
  3289 | D:5      | Killed Dowan
  3432 | D:5      | Reached XP level 7. HP: 35/35 MP: 9/9
  3593 | D:5      | Reached skill level 5 in Short Blades
  4151 | D:6      | Found a staircase to the Ecumenical Temple.
  4187 | D:6      | Found a sparkling altar of Nemelex Xobeh.
  4191 | D:6      | Found a sand-covered staircase.
  4207 | Ossuary  | Entered an ossuary
  4630 | D:6      | Reached skill level 7 in Stealth
  4630 | D:6      | Gained mutation: You have razor-sharp teeth. [vine stalker growth]
  4630 | D:6      | Reached XP level 8. HP: 40/40 MP: 11/11
  4830 | D:6      | Found a deep blue altar of Sif Muna.
  4830 | D:6      | Found a glowing silver altar of Zin.
  4830 | D:6      | Found a bloodstained altar of Trog.
  5393 | D:6      | Gained mutation: Your body is slowly deteriorating. [potion of mutation]
  5393 | D:6      | Gained mutation: You occasionally shout uncontrollably at your foes. [potion of mutation]
  5393 | D:6      | Gained mutation: You are partially covered in thin metallic scales (AC +2). [potion of mutation]
  5394 | D:6      | Lost mutation: Your body is slowly deteriorating. [potion of cure mutation]
  5394 | D:6      | Lost mutation: You occasionally shout uncontrollably at your foes. [potion of cure mutation]
  5394 | D:6      | Lost mutation: You are partially covered in thin metallic scales (AC +2). [potion of cure mutation]
  5736 | D:7      | Found a shimmering altar of Xom.
  5738 | D:7      | Found a shimmering altar of Xom.
  5738 | D:7      | Found a shimmering altar of Xom.
  5739 | D:7      | Found a shimmering altar of Xom.
  5739 | D:7      | Found a shimmering altar of Xom.
  6107 | D:7      | Reached skill level 8 in Stealth
  6127 | D:7      | Found a shadowy altar of Dithmenos.
  6298 | D:8      | Noticed Maurice
  6299 | D:8      | Killed Maurice
  6299 | D:8      | Reached XP level 9. HP: 46/46 MP: 12/12
  6686 | D:8      | Found a basalt altar of Yredelemnul.
  6932 | D:8      | Found a snail-covered altar of Cheibriados.
  6932 | D:8      | Found a radiant altar of Vehumet.
  6935 | D:8      | Found a shimmering altar of Xom.
  7103 | D:9      | Reached skill level 5 in Fighting
  7103 | D:9      | Reached skill level 5 in Dodging
  7110 | D:9      | Reached skill level 9 in Stealth
  7161 | D:9      | Found a staircase to the Lair.
  7305 | D:9      | Got a slimy broad axe
  7306 | D:9      | Identified the +1 broad axe of Income {chop, Contam +Rage rC+} (You found it on level 9 of the Dungeon)
  7445 | D:9      | Reached XP level 10. HP: 42/51 MP: 9/13
  7513 | D:9      | Noticed Erolcha
  7536 | D:9      | Killed Erolcha
  7699 | D:10     | Entered Level 10 of the Dungeon
  7754 | D:10     | Gained mutation: Your mind is acute. (Int +2) [potion of beneficial mutation]
  7785 | D:10     | Found a stormy altar of Qazlal.
  7828 | D:10     | Noticed a hill giant
  7836 | D:10     | Killed a hill giant
  7910 | D:10     | Reached skill level 10 in Stealth
  8495 | D:11     | Noticed a red ugly thing
  8626 | Lair:1   | Entered Level 1 of the Lair of Beasts
  8626 | Lair:1   | Noticed a black mamba
  8633 | Lair:1   | Killed a black mamba
  8704 | Lair:1   | Found a dark tunnel.
  8739 | Volcano  | Entered a volcano
  8985 | Volcano  | Found a bloodstained altar of Trog.
  8985 | Volcano  | Noticed an orc sorcerer
  8987 | Volcano  | Killed an orc sorcerer
  8987 | Volcano  | Reached skill level 10 in Short Blades
  8990 | Volcano  | Reached XP level 11. HP: 55/57 MP: 15/15
  9008 | Volcano  | Noticed a molten gargoyle
  9026 | Volcano  | Killed from afar by a molten gargoyle

Action                   |  1- 3 |  4- 6 |  7- 9 | 10-12 || total
-------------------------+-------+-------+-------+-------++-------
Melee: Dagger            |   100 |   207 |   323 |   190 ||   820
       Rapier            |       |       |    42 |       ||    42
 Fire: Blowgun           |     9 |     6 |     4 |       ||    19
  Use: Scroll            |     6 |     8 |    13 |     2 ||    29
       Potion            |       |     1 |     3 |     3 ||     7
 Stab: Sleeping          |     4 |    11 |    21 |    16 ||    52
       Distracted        |       |       |     3 |       ||     3
  Eat: Chunk             |       |     7 |    10 |     2 ||    19
       Pizza             |       |     1 |     1 |       ||     2
       Beef jerky        |       |       |     2 |       ||     2
       Fruit             |       |       |       |     5 ||     5
